Cogmind - Beta 15 @@@ ROGUE MODE // 2025.09.12 @ 22:26:58 Player: cottonman132 Result: Destroyed by QH-4UW(R) with Subdweller Laser Performance ------------- Evolutions (0) 0 Regions Visited (2) 400 Robots Destroyed (8) 40 Value Destroyed (227) 227 Prototype IDs (0) 0 Alien Tech Used (0) 0 Bonus (0) 0 TOTAL SCORE: 667 Bonus ------- None Cogmind --------- Core Integrity 0/250 Matter 300/300 Energy 100/100 System Corruption 0% Temperature Cool (6) Movement Core (200) Ox3 Location -10/Subcaves Parts ------- > --- POWER (1) -------- (None) > --- PROPULSION (2) --- (None) > --- UTILITY (2) ------ Small Storage Unit > --- WEAPON (2) ------- Maul Maul > --- INVENTORY (8) ---- Light Ion Engine Medium Storage Unit Large Storage Unit Seismic Detector Light Armor Plating Maul Maul Peak State ------------ > --- POWER ------------ Light Ion Engine > --- PROPULSION ------- Aluminum Leg Aluminum Leg > --- UTILITY ---------- Small Storage Unit Seismic Detector > --- WEAPON ----------- Maul Maul > --- INVENTORY -------- Light Ion Engine Medium Storage Unit Large Storage Unit Maul Maul [Rating: 9] Favorites ----------- Power Light Ion Engine Engine Light Ion Engine Propulsion Aluminum Leg Leg Aluminum Leg Utility Small Storage Unit Device Seismic Detector Storage Small Storage Unit Weapon Maul Impact Weapon Maul Build | -11 -10 -10 ------- Run | Yrd Mat Sub Slots Evolved . | . . . Power . | . . . Propulsion . | . . . Utility . | . . . Weapon . | . . . Parts Attached 7 | 4 3 . Power 1 | 1 . . Engine 1 | 1 . . Core . | . . . Reactor . | . . . Propulsion 2 | 2 . . Treads . | . . . Leg 2 | 2 . . Wheel . | . . . Hover . | . . . Flight . | . . . Utility 2 | 1 1 . Device 1 | . 1 . Storage 1 | 1 . . Processor . | . . . Hackware . | . . . Protection . | . . . Artifact . | . . . Weapon 2 | . 2 . Energy Gun . | . . . Energy Cannon . | . . . Ballistic Gun . | . . . Ballistic Cannon . | . . . Launcher . | . . . Special Weapon . | . . . Impact Weapon 2 | . 2 . Slashing Weapon . | . . . Piercing Weapon . | . . . Special Melee Weapon . | . . . Unidentified Prototypes . | . . . Parts Lost 4 | . . 4 Power 1 | . . 1 Propulsion 2 | . . 2 Utility 1 | . . 1 Weapon . | . . . Highest Loss Streak 4 | . . 4 To Critical Strikes . | . . . Average Backups 3 | 1 5 7 Power . | . 1 1 Propulsion . | . . . Utility 1 | . 2 4 Weapon . | . 1 2 Tool/Special . | . . . Unused Backups 7 | . . 7 Power 1 | . . 1 Propulsion . | . . . Utility 4 | . . 4 Weapon 2 | . . 2 Tool/Special . | . . . Average Slot Usage (%) 88 | . 85 97 Engine 13 | . 14 13 Leg 27 | . 28 26 Device 8 | . 6 14 Storage 14 | . 14 14 Impact Weapon 23 | . 21 28 Peak Build Rating 9 | 4 9 9 Average Rating 6 | 3 7 8 On Entrance 4 | . 4 9 Naked Turns . | . . . Heaviest Build 15 | 8 15 15 Greatest Support 20 | 20 20 20 Greatest Overweight (x) 3 | 2 . 3 Average Overweight (x) . | . . . Largest Inventory Capacity 8 | 8 8 8 Average Capacity 7 | 7 8 8 Most Carried 7 | 3 7 7 Average Carried 3 | 1 5 7 Final Capacity 8 | 8 8 8 Final Carried 7 | 1 7 7 Class Distribution -------------------- 100% | Mutant Dominant Class ---------------- Mutant | -10/Materials Mutant | -10/Subcaves Resources | -11 -10 -10 ----------- Run | Yrd Mat Sub Matter Collected 173 | 143 30 . Remotely . | . . . Salvage Created 255 | . 141 114 Parts 8 | . 3 5 Haulers Intercepted . | . . . Recyclers Shooed . | . . . Parts Field Recycled . | . . . Retrieved Matter . | . . . Parts Self-Destructed . | . . . Prevented . | . . . Kills | -11 -10 -10 ------- Run | Yrd Mat Sub Combat Hostiles Destroyed 5 | . 4 1 Melee 1 | . . 1 Classes Destroyed 6 | 1 3 2 Builder 1 | . 1 . Tunneler 1 | 1 . . Operator 1 | . 1 . Grunt 4 | . 4 . Cobbler 1 | . . 1 Subdweller 1 | . . 1 Best Kill Streak 2 | 1 2 1 Combat Bots Only 2 | . 2 1 Max Kills in Single Turn 1 | 1 1 1 Gunslinging . | . . . Exploded . | . . . Melee 1 | . . 1 Uniques/NPCs Destroyed . | . . . Combat | -11 -10 -10 -------- Run | Yrd Mat Sub Hostile Shots Fired 52 | . 22 30 Missed 16 | . 8 8 Hits 36 | . 14 22 Projectile 36 | . 14 22 Critical Strikes 1 | . . 1 Damage Taken 627 | . 166 461 Core 251 | . 55 196 Absorbed by Shields . | . . . Core Remaining (%) 100 | 100 . . Volleys Fired . | . . . Largest . | . . . Hottest . | . . . Shots Fired . | . . . Gun . | . . . Cannon . | . . . Launcher . | . . . Special . | . . . Kinetic . | . . . Thermal . | . . . Explosive . | . . . Electromagnetic . | . . . Robot Hit Streak . | . . . Robot Miss Streak . | . . . Penetration Max . | . . . Secondary Targets . | . . . Shots Hit Robots 11 | . 9 2 Core Hits 10 | 7 1 2 Critical Kills 2 | . . 2 Critical Parts Destroyed 2 | . 2 . Critical Strikes 4 | . 2 2 Smash 4 | . 2 2 Melee Attacks 19 | . 15 4 Impact 19 | . 15 4 Slashing . | . . . Piercing . | . . . Sneak Attacks 3 | . 2 1 Combat Hostiles . | . . . Follow-up Attacks 1 | . . 1 Damage Inflicted 687 | 95 504 88 Guns . | . . . Cannons . | . . . Explosions . | . . . Melee 580 | . 492 88 Ramming 107 | 95 12 . Kinetic . | . . . Thermal . | . . . Explosive . | . . . Electromagnetic . | . . . Impact 580 | . 492 88 Slashing . | . . . Piercing . | . . . Highest Corruption . | . . . Average Corruption . | . . . Corruption Purged . | . . . Corruption Blocked . | . . . Overload Shots . | . . . Overflow Damage 261 | . 261 . Projectiles . | . . . Explosions . | . . . Melee 261 | . 261 . Knockbacks 4 | 1 3 . Impact 4 | 1 3 . Kinetic . | . . . Secondary . | . . . Self-Inflicted Damage . | . . . Shots . | . . . Rammed . | . . . Targets Rammed 50 | 44 6 . Kicked 50 | 44 6 . Crushed . | . . . Highest Temperature . | . . . Average Temperature . | . . . Received Heat Transfer 183 | . 93 90 Siege Activations . | . . . Martial Activations . | . . . Shielding Activations . | . . . Robots Disrupted . | . . . Combat Hostiles . | . . . Robots Corrupted 5 | . 5 . Combat Hostiles 4 | . 4 . Parts Fried 8 | . 8 . Impact Corruptions 11 | . 11 . Robots Melted . | . . . Combat Hostiles . | . . . Parts Melted . | . . . Heat Transferred . | . . . Parts Sabotaged . | . . . Parts Stolen . | . . . Parts Stripped . | . . . Power Chain Reactions . | . . . Alert | -11 -10 -10 ------- Run | Yrd Mat Sub Maximum Alert Level . | . . . Low Security (%) 100 | 100 100 . Level 1 . | . . . Level 2 . | . . . Level 3 . | . . . Level 4 . | . . . Level 5 . | . . . High Security . | . . . Max Security . | . . . Peak Influence 45 | 5 45 . Initial . | . . . Average 5 | . 11 . Influence Increases 131 | 5 126 . Destroy 0b10 Robot/C 80 | . 80 . Destroy 0b10 Robot/NC 15 | 5 10 . Destroy Leader 20 | . 20 . Disable Machine 15 | . 15 . Destroy Structure 1 | . 1 . Influence Decreases 131 | 5 126 . Time Decay 131 | 5 126 . Squads Dispatched 1 | . 1 . Investigation . | . . . Extermination . | . . . Reinforcement 1 | . 1 . Assault . | . . . Garrison . | . . . Intercept . | . . . Searches Triggered . | . . . Construction Impeded . | . . . Haulers Reinforced . | . . . Active Scanning Responses . | . . . Cargo Convoy Interrupts . | . . . Stealth | -11 -10 -10 --------- Run | Yrd Mat Sub Distress Signals . | . . . Communications Jammed . | . . . Distress Signals . | . . . Times Spotted 16 | . 6 10 Peak Tracking Total 7 | . 2 7 Tactical Retreats . | . . . Traps | -11 -10 -10 ------- Run | Yrd Mat Sub Traps Triggered . | . . . Indirectly . | . . . Trap Hack Attempts . | . . . Triggered . | . . . Disarmed . | . . . Reprogrammed . | . . . Reused . | . . . Traps Extracted . | . . . Installed . | . . . Triggered . | . . . Machines | -11 -10 -10 ---------- Run | Yrd Mat Sub Machines Disabled 1 | . 1 . Max in Single Turn 1 | . 1 . Machines Repaired . | . . . Machines Dismantled . | . . . Machines Sabotaged . | . . . Overloaded Fab Kills . | . . . Hacking | -11 -10 -10 --------- Run | Yrd Mat Sub Machines Accessed 1 | . 1 . Terminals . | . . . Fabricators . | . . . Repair Stations . | . . . Recycling Units 1 | . 1 . Scanalyzers . | . . . Garrison Access . | . . . Total Hacks 1 | . 1 . Successful 1 | . 1 . Failed . | . . . Catastrophic . | . . . Database Lockouts . | . . . Manual . | . . . Terminals . | . . . Fabricators . | . . . Repair Stations . | . . . Recycling Units 1 | . 1 . Scanalyzers . | . . . Garrison Access . | . . . Terminal Hacks . | . . . Fabricator Hacks . | . . . Repair Station Hacks . | . . . Recycling Unit Hacks 1 | . 1 . Report Inventory 1 | . 1 . Scanalyzer . | . . . Garrison Access Hacks . | . . . Unauthorized Hacks . | . . . Terminals . | . . . Fabricators . | . . . Repair Stations . | . . . Recycling Units . | . . . Scanalyzers . | . . . Garrison Access . | . . . Data Cores Recovered . | . . . Used . | . . . Hacking Detections 1 | . 1 . Full Trace Events . | . . . Feedback Events . | . . . Feedback Blocked . | . . . Robot Schematics Acquired . | . . . Robots Built . | . . . Authchips . | . . . Time . | . . . Total Robot Build Rating . | . . . Part Schematics Acquired . | . . . Parts Built . | . . . Authchips . | . . . Time . | . . . Total Part Build Rating . | . . . Parts Repaired . | . . . Time . | . . . Parts Recycled . | . . . Recycled Matter . | . . . Retrieved Matter . | . . . Retrieved Components . | . . . Parts Scanalyzed . | . . . Part Schematics Acquired . | . . . Parts Damaged . | . . . Bothacking | -11 -10 -10 ------------ Run | Yrd Mat Sub Used RIF Installer . | . . . Robots Hacked . | . . . Non-combat . | . . . Combat . | . . . Robot Hacks Applied . | . . . Relay Couplers Released . | . . . Fabnet Peak Effective % . | . . . Robots Rewired . | . . . Allies Hacked . | . . . Hacks Repelled . | . . . Allies | -11 -10 -10 -------- Run | Yrd Mat Sub Total Allies . | . . . Largest Group . | . . . Highest-Rated Group . | . . . Highest-Rated Ally . | . . . Total Orders . | . . . Ally Attacks . | . . . Total Damage . | . . . Kills . | . . . Allies Corrupted . | . . . Allies Melted . | . . . Intel | -11 -10 -10 ------- Run | Yrd Mat Sub Active Infowar (turns) 451 | . 249 202 Seismic 451 | . 249 202 Robot Analysis Total . | . . . Derelict Logs Recovered 1 | . . 1 Drone Launches . | . . . Drone Recoveries . | . . . Exploration | -11 -10 -10 ------------- Run | Yrd Mat Sub Turns Passed 1356 | 640 509 207 Spaces Moved 987 | 480 366 141 Core 21 | 19 . 2 Treads . | . . . Legs 966 | 461 366 139 Wheels . | . . . Hover . | . . . Flight . | . . . Fastest Speed 50 | 50 120 120 Average Speed 120 | 120 120 125 Slowest Speed 200 | 150 120 200 Overloaded Moves . | . . . Propulsion Burnouts . | . . . Robots Hopped . | . . . Potential Cave-ins . | . . . Cave-ins Triggered . | . . . Exploration Rate (%) 28 | 22 51 12 Regions Visited 2 Branch Regions 1 Pre-discovered Areas 1 | . . 1 Known Exits Taken . | . . . Unknown Exits Taken 2 | 1 1 . Scrap Searched . | . . . Spaces Dug 1 | . 1 . Terrain Destroyed 1 | . 1 . Melee 1 | . 1 . Projectile . | . . . AOE . | . . . Terrain Rammed . | . . . Walls Destroyed . | . . . Machines Disabled . | . . . Actions | -11 -10 -10 --------- Run | Yrd Mat Sub Total 1105 | 534 406 165 Wait 32 | 2 9 21 Move 985 | 479 365 141 Hop . | . . . Pick Up 14 | 5 9 . Fast Attach . | . . . Attach 7 | 4 3 . Detach . | . . . Swap . | . . . Drop . | . . . Fire . | . . . Melee 17 | . 14 3 Ram . | . . . Kick 50 | 44 6 . Crush . | . . . Escape Stasis . | . . . Rewire . | . . . Trap . | . . . Miscellaneous . | . . . Route ------- -11/Scrapyard -10/Materials (discovered 2 exits: [*Mat] / [*Sub]) -10/Subcaves History --------- Turn | Location | Event 21 | -11/Scrapyard | Discovered new exit (range 15) 641 | -11/Scrapyard | Entered Materials 642 | -10/Materials | Build established: Mutant 1059 | -10/Materials | Discovered new exit (range 7) 1139 | -10/Materials | Discovered new exit (range 9) 1150 | -10/Materials | Entered Subcaves 1182 | -10/Subcaves | Learned Materials garrison access intel 1227 | -10/Subcaves | A swath of the cavern ceiling suddenly collapsed 1283 | -10/Subcaves | Learned location of Zion (-6) 1283 | -10/Subcaves | Met a Zionite searching for "candidates" 1294 | -10/Subcaves | Ambushed by swarm of Subdwellers 1297 | -10/Subcaves | Ambushed by Subdwellers from Twisted Machinery 1348 | -10/Subcaves | Lost 5 allies 1350 | -10/Subcaves | Core integrity fell below 50% 1356 | -10/Subcaves | Core integrity fell below 20% 1357 | -10/Subcaves | Destroyed by QH-4UW(R) with Subdweller Laser Last Messages --------------- 01296_ 1P-NX0(R) knocked back. 01297_ ZQ-18I(R) emerges from the Twisted Machinery. 01297_ NM-1D6(R) emerges from the Twisted Machinery. 01297_ QH-4UW(R) angrily emerges from the Twisted Machinery. 01297_ 1P-NX0(R) suffers critical hit (Destroy). 01297_ 1P-NX0(R) knocked back. 01297_ 1P-NX0(R) destroyed. 01299_ JC-9GM(z) destroyed. 01300_ ZQ-18I(R) suffers critical hit (Destroy). 01300_ ZQ-18I(R) destroyed. 01333_ Maul follow-up attack on SF-JW5(R). 01333_ SF-JW5(R) suffers critical hit (Smash). 01333_ SF-JW5(R) destroyed. 01338_ Aluminum Leg destroyed. 01348_ Lgt. Ion Engine destroyed. 01352_ Aluminum Leg destroyed. 01352_ Seismic Detector destroyed. Map ----- +----------------------------------------------------+ | ####???????##???????????# &#????##?# ??????? | | # ####???## ??????????? %%##"#? ## ???????? | | % #??## ????????????%&]""#? ????????? | | #??# #???????????#&!""## #?????????? | | %! #???# #??#########%!%*"# #?????????? | | % % #????# ####" " " &!/!%= #?????????? | | % ##????# = % #?????????? | | ##?????# #?????????? | | ##??????# #?????????? | | ##?????# % % #?????????? | | #### ##?#### %* " % ##?????????? | | #??# ### " # ####??????????? | | #??# % ## R ## % ##?????????????? | | #??# #??; ###### ##?????????????? | | #??## # ##?##% ##???## ##????????????? | | ##???###### ###### R #????# ##???????????? | | ##?????????######??# ##???# ##??????????? | | #???????????????????? % #??## #??????????? | | #????????????????????## #??# ##??????????? | | ??????????????????????# #??##& #???????????? | | ?????????????????????## % ##?##%] #???????????? | | ?????????????????????# ### = ###???????????? | | ?????????????????????# R #?????????????? | | ????????????????????## % R #?????????????? | | ????????????????????# ## #?????????????? | | ????????????????????# @ ## ## #????????????? | | ????????????????????## ## ## ##????????????? | | ?????????????????????## ## # ?????????????? | | ??????????????????????## R#?# ????????????? | | ???????????????????????#R #? " "" ???????????? | | ??????????????????????? #? """ ??????????? | | ???????????????????????# ### # #?????????? | | ???????????????????????# ?## ### "?#?????????? | | ???????????????????????# ???####??# ???????????? | | ??????????????????????? ??????????????????????? | | ??????????????????????? #??????????????????????? | | ???????????????????????# ???????????????????????? | | ??????????????????????? ???????????????????????? | | ???????????????????????# ???????????????????????? | | ???????????????????????? ???????????????????????? | | ???????????????????????? ???????????????????????? | | ?????????????????????????????????????????????????? | | ?????????????????????????????????????????????????? | | ?????????????????????????????????????????????????? | | ?????????????????????????????????????????????????? | | ?????????????????????????????????????????????????? | | ?????????????????????????????????????????????????? | | ?????????????????????????????????????????????????? | | ?????????????????????????????????????????????????? | | ?????????????????????????????????????????????????? | +----------------------------------------------------+ Best States ------------- Heat Dissipation 25 Energy Generation 10 Energy Capacity 125 Matter Stores 300 Matter Capacity 300 Sight Range 16 Terrain Scan Density 10 Evasion (%) 55 Item Schematics ----------------- None Robot Schematics ------------------ None Fabricated ------------ Nothing Repaired ---------- Nothing Alien Tech Used ----------------- None Achievements -------------- None Challenges ------------ None Game ------ Seed GuidedSpacefoldDeconstructor Manual? 0 Play Time 00:11:59 Cumulative 7.0 hours Start 2025.09.12 @ 22:17:28 End 2025.09.12 @ 22:26:58 Sessions 1 Manual Loads 0 Difficulty Rogue Special Mode None Game No. 17 Rogue 17 Adventurer 0 Explorer 0 Win Type - Total 0 Types 0/0/0/0/0/0/0/0/0/0 Lore% 10 Gallery% 9 Achievement% 14 Wizard Run 0 Options --------- Layout 2 ASCII 0 Keyboard 0 Movement Mouse Keybinds 0 Fullscreen 1 Font 24/Smallcaps Map View 50x44 Zoom Use 0% Tactical HUD 1 Map Filters NONE Filters NONE Steam 1 RUN: 79937cc3-bea7-4189-b243-d46a3f47300b